 Dungeon Crawl Stone Soup version 0.29.1-12-g30fa7ad0bf (webtiles) character file.

Game seed: 16841850226000893880

210 hawla the Chiller (level 6, -4/45 HPs)
             Began as a Meteoran Ice Elementalist on Jan 9, 2023.
             Slain by an orc warrior
             ... wielding a +0 dire flail
              (19 damage)
             ... on level 4 of the Dungeon.
             The game lasted 00:05:54 (738 turns).

hawla the Chiller (Meteoran Ice Elementalist)        Turns: 738, Time: 00:05:55

Health: -4/45      AC:  4    Str: 11    XL:     6   Next: 35%
Magic:  5/13       EV: 13    Int: 18    God:
Gold:   48         SH:  0    Dex: 14    Spells: 6/14 levels left

rFire   . . .      SeeInvis .   h - staff of death
rCold   . . .      Faith    .   (no shield)
rNeg    + . .      Spirit   .   a - +0 robe
rPois   .          Reflect  .   (no helmet)
rElec   .          Harm     .   (no cloak)
rCorr   .          Rampage  .   j - +1 pair of gloves
Will    .....                   (no boots)
Stlth   +.........              (no amulet)
HPRegen 0.15/turn               (no ring)
MPRegen 0.13/turn               (no ring)

@: very slightly contaminated, glowing
A: sense surroundings 1, otherworldly, glowing, explore regen
a: no special abilities


You were on level 4 of the Dungeon.
You visited 1 branch of the dungeon, and saw 4 of its levels.

You collected 48 gold pieces.

Inventory:

Armour
 a - a +0 robe (worn)
 j - a +1 pair of gloves (worn)
Magical Staves
 h - a staff of death (weapon)
Jewellery
 m - a ring of protection from fire
Scrolls
 c - a scroll of enchant weapon {unknown}
 f - a scroll of blinking {unknown}
 g - 2 scrolls of identify {unknown}
 o - a scroll of noise {unknown}
Potions
 d - a potion of flight {unknown}
 i - a potion of degeneration {unknown}
 k - 2 potions of curing {unknown}
 l - 2 potions of haste {unknown}
 n - a potion of resistance {unknown}


   Skills:
 - Level 0.1 Fighting
 - Level 2.9 Dodging
 - Level 1.4 Stealth
 - Level 4.5 Spellcasting
 + Level 1.5 Conjurations
 - Level 2.0 Necromancy
 - Level 5.5 Ice Magic
 - Level 2.0 Evocations


You had 6 spell levels left.
You knew the following spells:

 Your Spells              Type           Power      Damage    Failure   Level
a - Freeze                Ice            92%        1d10      1%          1
b - Frozen Ramparts       Ice            46%        1d7       4%          3
c - Hailstorm             Conj/Ice       16%        3d6       32%         4

Your spell library contained the following spells:

 Spells                   Type           Power      Damage    Failure   Level
 Ozocubu's Armour         Ice            23%        N/A       4%          3


Dungeon Overview and Level Annotations

Branches:
Dungeon (4/15) Zot: 1660
 Temple: D:4-7

Altars:
Uskayaw


Innate Abilities, Weirdness & Mutations

You passively map a small area around you.
You are easily found by Zot.
You glow in the dark.
You regain HP and MP as you explore.


Message History

Reactivating autopickup.
You feel a bit more experienced.
Your Conjurations skill increases to level 1!
Casting: Hailstorm (quite dangerous; 32% risk of failure)
Confirm with . or Enter, or press ? or * to list all spells.
Aiming: Freeze (safe; 1% risk of failure)
Press: ? - help, Shift-Dir - straight line, f - orc warrior
Aim: an orc warrior, wielding a +0 dire flail, wearing a +0 chain mail and quivering boomerangs You freeze the orc warrior.
The orc warrior is lightly wounded.
The wall freezes the orc warrior but does no damage.
The orc warrior hits you with a +0 dire flail!!
Casting: Freeze (safe; 1% risk of failure)
Confirm with . or Enter, or press ? or * to list all spells.
Aiming: Freeze (safe; 1% risk of failure)
Press: ? - help, Shift-Dir - straight line, f/p - orc warrior
Aim: an orc warrior, wielding a +0 dire flail, wearing a +0 chain mail and quivering boomerangs (lightly wounded)
You freeze the orc warrior.
The orc warrior is moderately wounded.
An orc wizard comes into view. It is wielding a +0 dagger.
The wall freezes the orc warrior.
The orc warrior hits you with a +0 dire flail.
A hobgoblin comes into view.
As you read the scroll labelled XOZIAN ZEDI, it crumbles to dust.
It is a scroll of amnesia.
Really abort (and waste the scroll)? [Y]es or [N]o only, please.
Really abort (and waste the scroll)?
Okay, then.
The frozen ramparts melt away.
The orc wizard casts a spell.
The orc wizard flickers and vanishes!
Deactivating autopickup; reactivate with Ctrl-A.
An orc comes into view. It is wielding a +0 mace.
The orc warrior hits you with a +0 dire flail.
As you read the scroll labelled JIMOITTOTS, it crumbles to dust.
You feel aware of your surroundings.
It was a scroll of magic mapping.
The orc shouts!
The orc warrior hits you with a +0 dire flail!!
You die...

***,*,***** *, *,*,* *,
******,*,*******,
*#,,,**,*,,,,,,,,, ######
*#.***,*,**********
.....# ##.** **,,* *****
####.# #####.#*#####.#*
*,,,, #.#
**...#.##o)o.{..*****,***
####.#
#,**#..#@#.#,,,,,,,,,,,,,
.....# #.*
#....o.#,,,,,****,,,,
.##..# #.###.##.###,,,,**
***** .##..#
*#...####..,**,** *
.....# ##.## *###**,* **
#.#.## #.# *,* **, #.#.#
#####.#### **'** *,,
#.#.# #........# **,,,**
*,, ....# #.###.##.#
**,,,,,** *,,


You could see an orc warrior and 2 orcs.

Vanquished Creatures
  2 orc priests (D:4)
  2 orc wizards (D:4)
  An iguana (D:4)
  3 gnolls (D:4)
  2 dart slugs
  2 orcs (D:4)
  4 bats
  6 endoplasms
  A giant cockroach (D:2)
  2 hobgoblins (D:1)
  4 jackals (D:2)
  A quokka (D:4)
  4 ball pythons
  7 goblins
  3 kobolds
  A rat (D:2)
45 creatures vanquished.

Notes
Turn   | Place    | Note
-------+----------+-------------------------------------------
     0 | D:1      | hawla the Meteoran Ice Elementalist began the quest for the
                  | Orb.
     0 | D:1      | Reached XP level 1. HP: 14/14 MP: 5/5
    65 | D:1      | Reached XP level 2. HP: 12/20 MP: 3/6
   126 | D:1      | Reached XP level 3. HP: 23/26 MP: 3/8
   242 | D:2      | Reached skill level 5 in Ice Magic
   337 | D:3      | Reached XP level 4. HP: 23/33 MP: 6/10
   342 | D:3      | Found a hide-covered altar of Uskayaw.
   382 | D:3      | Learned a level 3 spell: Frozen Ramparts
   564 | D:4      | Reached skill level 1 in Necromancy
   564 | D:4      | Reached XP level 5. HP: 27/38 MP: 7/11
   653 | D:4      | Reached XP level 6. HP: 24/45 MP: 5/13
   658 | D:4      | Learned a level 4 spell: Hailstorm
   728 | D:4      | Noticed an orc warrior
   735 | D:4      | Reached skill level 1 in Conjurations
   738 | D:4      | Slain by an orc warrior

Illustrated notes

Levels and vault maps discovered:
D:1:      ncdulo_halloftheorcs, layout_basic, minmay_surrounded
D:2:      layout_basic, serial_shops, shop_coins, interstate_on_off
D:3:      layout_basic, mainiacjoe_overflow_alcove_1,
          ebering_ecumenical_altar_webs, uniq_robin
D:4:      layout_loops_corners

Skill      XL: |  1  2  3  4  5  6 |
---------------+-------------------+-----
Spellcasting   | 3 4 |  4.5
Ice Magic      | 5 |  5.5
Evocations     | 2 |  2.0
Necromancy     | 1 2 |  2.0
Conjurations   | 1 |  1.5
Fighting       | |  0.1
Dodging        | |  2.9
Stealth        | |  1.4

Action                   |  1- 3 |  4- 6 || total
-------------------------+-------+-------++-------
Melee: Unarmed           |     4 |       ||     4
       Staff             |     4 |     7 ||    11
       Punch             |     1 |       ||     1
 Cast: Freeze            |    45 |     9 ||    54
       Frozen Ramparts   |       |     5 ||     5
  Use: Potion            |     1 |       ||     1
       Scroll            |       |     2 ||     2
Armor: Robe              |    16 |       ||    16
Dodge: Dodged            |    23 |    13 ||    36
